 Dungeon Crawl Stone Soup version 0.31-a0-232-gb1c03b2570 (webtiles) character file.

Game seed: 12797416292065868252

2072 qw the Skirmisher (level 9, 0/79 HPs)
             Began as a Minotaur Hexslinger on July 7, 2023.
             Was an Initiate of Okawaru.
             Slain by a phantom (4 damage)
             ... on level 7 of the Dungeon.
             The game lasted 00:02:19 (6798 turns).

qw the Skirmisher (Minotaur Hexslinger)             Turns: 6798, Time: 00:02:19

Health: 0/79       AC:  5    Str: 13    XL:     9   Next: 5%
Magic:  9/9        EV: 13    Int: 10    God:    Okawaru [......]
Gold:   269        SH:  5    Dex: 23    Spells: 9/10 levels left

rFire   . . .        Y - +3 longbow (freeze)
rCold   . . .        (shield currently unavailable)
rNeg    + . .        b - +0 ring mail
rPois   .            (helmet restricted)
rElec   .            (no cloak)
rCorr   .            (no gloves)
SInv    .            (no boots)
Will    .....        f - amulet of reflection
Stlth   +            d - +6 ring of dexterity
HPRegen 0.33/turn    j - ring of positive energy
MPRegen 0.11/turn

%: reflection
@: lethally poisoned (0 -> -7)
A: horns 2, retaliatory headbutt, talons 1, deterioration 1, subdued magic 1
a: Renounce Religion


You were on level 7 of the Dungeon.
You worshipped Okawaru.
Okawaru was noncommittal.
You visited 2 branches of the dungeon, and saw 8 of its levels.

You collected 269 gold pieces.


Innate Abilities, Weirdness & Mutations

You have a pair of horns on your head.
You reflexively headbutt those who attack you in melee.
You have sharp toenails.
Your body sometimes deteriorates upon taking damage.
Your spells are a little easier to cast, but a little less powerful.


   Skills:
 - Level 7.0 Fighting
 - Level 10.6 Ranged Weapons
 - Level 2.2 Armour
 + Level 4.4 Dodging
 - Level 1.0 Spellcasting
 - Level 2.0 Hexes


You had 9 spell levels left.
You knew the following spells:

 Your Spells              Type           Power      Damage    Failure   Level
a - Slow                  Hex            12%        N/A       28%         1

Your spell library contained the following spells:

 Spells                   Type           Power      Damage    Failure   Level
 Inner Flame              Hex/Fire       1%         N/A       78%         3
 Portal Projectile        Hex/Tloc       2%         N/A       78%         3
 Cause Fear               Hex            1%         N/A       96%         4

Inventory:

Hand Weapons
 Y - a +3 longbow of freezing (weapon)
Armour
 b - a +0 ring mail (worn)
Jewellery
 d - a +6 ring of dexterity (left hand)
 f - an amulet of reflection (around neck)
 j - a ring of positive energy (right hand)
 k - an amulet of magic regeneration
Scrolls
 a - 3 scrolls of identify
 i - a scroll of enchant armour
Potions
 c - a potion of might
 g - a potion of mutation
 h - a potion of curing
 l - 2 potions of enlightenment
 n - a potion of haste

Dungeon Overview and Level Annotations

Branches:
Dungeon (7/15)             Temple (1/1) D:5

Altars:
Ashenzari
Cheibriados
Dithmenos
Elyvilon
Fedhas
Gozag
Hepliaklqana
Kikubaaqudgha
Makhleb
Nemelex Xobeh
Okawaru
Qazlal
Ru
Sif Muna
Trog
Uskayaw
Wu Jian
Xom
Yredelemnul
Zin

Shops:
D:1 [   D:4 =

Annotations:
D:1 exclusion: 2 gnolls
D:7 1 transporter


Message History

The white imp sputters.
The scorpion stings you.
You are more poisoned.
The scorpion poisons you!
Enter note: You shoot an arrow.
The arrow hits the scorpion.
The arrow freezes the scorpion.
The scorpion is lightly wounded.
You feel very sick.
The scorpion stings you but does no damage.
You shoot an arrow. The arrow hits the scorpion!
The arrow freezes the scorpion.
The scorpion is almost dead.
You feel very sick. You block the scorpion's attack. The scorpion stings you.
You are lethally poisoned!
The scorpion poisons you!
You shoot an arrow. The arrow barely misses the scorpion.
The arrow hits the kobold brigand!!
The arrow freezes the kobold brigand!
You kill the kobold brigand!
Okawaru accepts your kill.
You feel very sick.
The scorpion stings you but does no damage.
The phantom misses you.
You have reached level 9!
Your experience leads to an increase in your attributes!
Your base attributes are Str 13, Int 10, Dex 15.
Increase (S)trength, (I)ntelligence, or (D)exterity?
You feel agile. x2
You shoot an arrow.
The arrow hits the scorpion but does no damage.
The scorpion is almost dead.
You feel very sick. The scorpion barely misses you. You furiously retaliate!
You headbutt the scorpion.
You kill the scorpion!
Okawaru accepts your kill. The phantom hits you.
You shoot an arrow. The arrow hits the phantom.
The phantom is heavily damaged.
You feel sick. The phantom hits you.
You die...

.#.####...#
#.###.# .#.##
##..#.#..
#.....# ....#
#.#.#......####
....#
...........#
....#
##.......%.####
.......
..............
....#.#
#...K..)......
........
...#W##K......
....^.^..
.###.@5l......
#########
#.##.......
....(( #.
....... ..##.
#. ....... O#.O
## ....... ..
....... ##.....
.##..


You could see a wyvern, a phantom, a white imp and 2 kobolds.

Vanquished Creatures
  Sigmund (D:6)
  A water moccasin (D:6)
  An orc warrior (D:7)
  A black bear (D:6)
  A phantom (D:6)
  3 kobold brigands
  Blork the orc (D:6)
  5 scorpions
  5 killer bees (D:7)
  A howler monkey (D:5)
  3 hounds
  2 orc priests (D:5)
  A jelly (D:6)
  Jessica (D:2)
  2 sleepcaps (D:5)
  Natasha (twice) (D:4)
  An iguana (D:5)
  7 orc wizards
  A gnoll (D:1)
  7 adders
  4 white imps
  An ufetubus (D:6)
  A worm (D:2)
  2 dart slugs (D:1)
  18 orcs
  6 bats
  7 endoplasms
  2 giant cockroaches
  6 goblins
  6 hobgoblins
  3 jackals (D:1)
  20 kobolds
  A quokka (D:4)
  6 ball pythons
  5 frilled lizards
  3 rats
138 creatures vanquished.

Notes
Turn   | Place    | Note
-------+----------+-------------------------------------------
     0 | D:1      | qw the Minotaur Hexslinger began the quest for the Orb.
     0 | D:1      | Reached XP level 1. HP: 16/16 MP: 1/1
     0 | D:1      | 0 ||| qw: Version: 0.3-a-46-gb1f654a
     0 | D:1      | 0 ||| qw: Game counter: 2147
     0 | D:1      | 0 ||| qw: Melee chars always use a shield: true
     0 | D:1      | 0 ||| qw: God list: Okawaru
     0 | D:1      | 0 ||| qw: Allow faded altars: false
     0 | D:1      | 0 ||| qw: Do Orc after clearing Dungeon:15 true
     0 | D:1      | 0 ||| qw: Do second Lair branch before Depths: true
     0 | D:1      | 0 ||| qw: Lair rune preference: random
     0 | D:1      | 0 ||| qw: Goals: Normal
     0 | D:1      | 0 ||| PLANNING D:1-11
   118 | D:1      | Reached skill level 3 in Ranged Weapons
   146 | D:1      | Reached XP level 2. HP: 23/23 MP: 2/2
   208 | D:1      | 208 ||| DROPPING scroll of poison.
   372 | D:1      | Reached XP level 3. HP: 30/30 MP: 3/3
   487 | D:1      | Found Mampulem's Antique Armour Emporium.
   496 | D:1      | 496 ||| SHOPLISTING runed leather armour (95 gold, have
                  | 63).
   518 | D:1      | 518 ||| FLEEEEING.
   519 | D:1      | 519 ||| FLEEEEING.
   520 | D:1      | 520 ||| FLEEEEING.
   521 | D:1      | 521 ||| FLEEEEING.
   522 | D:1      | 522 ||| FLEEEEING.
   523 | D:1      | 523 ||| FLEEEEING.
   524 | D:1      | 524 ||| FLEEEEING.
   525 | D:1      | 525 ||| FLEEEEING.
   526 | D:1      | 526 ||| FLEEEEING.
   527 | D:1      | 527 ||| FLEEEEING.
   528 | D:1      | 528 ||| FLEEEEING.
   529 | D:1      | 529 ||| FLEEEEING.
   530 | D:1      | 530 ||| FLEEEEING.
   531 | D:1      | 531 ||| FLEEEEING.
   532 | D:1      | 532 ||| FLEEEEING.
   533 | D:1      | 533 ||| FLEEEEING.
   534 | D:1      | 534 ||| FLEEEEING.
   535 | D:1      | 535 ||| FLEEEEING.
   536 | D:1      | 536 ||| FLEEEEING.
   537 | D:1      | 537 ||| FLEEEEING.
   538 | D:1      | 538 ||| FLEEEEING.
   539 | D:1      | 539 ||| FLEEEEING.
   540 | D:1      | 540 ||| FLEEEEING.
   541 | D:1      | 541 ||| FLEEEEING.
   542 | D:1      | 542 ||| FLEEEEING.
   543 | D:1      | 543 ||| FLEEEEING.
   544 | D:1      | 544 ||| FLEEEEING.
   545 | D:1      | 545 ||| FLEEEEING.
   546 | D:1      | 546 ||| FLEEEEING.
   547 | D:1      | 547 ||| FLEEEEING.
   548 | D:1      | 548 ||| FLEEEEING.
   549 | D:1      | 549 ||| FLEEEEING.
   550 | D:1      | 550 ||| FLEEEEING.
   551 | D:1      | 551 ||| FLEEEEING.
   552 | D:1      | 552 ||| FLEEEEING.
   553 | D:1      | 553 ||| FLEEEEING.
   554 | D:1      | 554 ||| FLEEEEING.
   555 | D:1      | 555 ||| FLEEEEING.
   556 | D:1      | 556 ||| FLEEEEING.
   557 | D:1      | 557 ||| FLEEEEING.
   558 | D:1      | 558 ||| FLEEEEING.
   559 | D:1      | 559 ||| FLEEEEING.
   560 | D:1      | 560 ||| FLEEEEING.
   561 | D:1      | 561 ||| FLEEEEING.
   562 | D:1      | 562 ||| FLEEEEING.
   563 | D:1      | 563 ||| FLEEEEING.
   564 | D:1      | 564 ||| FLEEEEING.
   565 | D:1      | 565 ||| FLEEEEING.
   566 | D:1      | 566 ||| FLEEEEING.
   567 | D:1      | 567 ||| FLEEEEING.
   568 | D:1      | 568 ||| FLEEEEING.
   569 | D:1      | 569 ||| FLEEEEING.
   570 | D:1      | 570 ||| FLEEEEING.
   571 | D:1      | 571 ||| FLEEEEING.
   572 | D:1      | 572 ||| FLEEEEING.
   573 | D:1      | 573 ||| FLEEEEING.
   574 | D:1      | 574 ||| FLEEEEING.
   575 | D:1      | 575 ||| FLEEEEING.
   807 | D:1      | 807 ||| UPGRADING to +0 ring mail.
   817 | D:1      | 817 ||| DROPPING +0 robe.
   954 | D:2      | Found a hazy altar of Hepliaklqana.
   970 | D:2      | Noticed Jessica
   973 | D:2      | Killed Jessica
   974 | D:2      | Reached skill level 4 in Ranged Weapons
   974 | D:2      | Reached XP level 4. HP: 34/37 MP: 4/4
  1180 | D:2      | Reached skill level 1 in Armour
  1597 | D:2      | 1597 ||| READING 3 scrolls labelled JEFILU MOPEG.
  1598 | D:2      | 1598 ||| READING 2 scrolls of identify.
  1598 | D:2      | 1598 ||| IDENTIFYING clear potion
  1599 | D:2      | 1599 ||| DROPPING potion of degeneration.
  1789 | D:3      | Found a snail-covered altar of Cheibriados.
  1893 | D:3      | Reached skill level 5 in Ranged Weapons
  2054 | D:3      | Found a glowing silver altar of Zin.
  2057 | D:3      | Found a basalt altar of Yredelemnul.
  2060 | D:3      | Found a shimmering blue altar of Sif Muna.
  2064 | D:3      | Found a bloodstained altar of Trog.
  2064 | D:3      | Found an opulent altar of Gozag.
  2065 | D:3      | Found a shadowy altar of Dithmenos.
  2067 | D:3      | Found a sparkling altar of Nemelex Xobeh.
  2117 | D:3      | Reached XP level 5. HP: 39/42 MP: 5/5
  2946 | D:4      | Reached XP level 6. HP: 33/52 MP: 6/6
  3290 | D:4      | Found Lomesu's Jewellery Shop.
  3298 | D:4      | 3298 ||| SHOPLISTING +5 ring of evasion (504 gold, have
                  | 185).
  3298 | D:4      | 3298 ||| SHOPLISTING +6 ring of strength (504 gold, have
                  | 185).
  3298 | D:4      | 3298 ||| SHOPLISTING amulet "Lakhas" {Faith rPois} (716
                  | gold, have 185).
  3298 | D:4      | 3298 ||| SHOPLISTING amulet of the acrobat (420 gold, have
                  | 185).
  3298 | D:4      | 3298 ||| SHOPLISTING ring of poison resistance (280 gold,
                  | have 185).
  3298 | D:4      | 3298 ||| SHOPLISTING ring of protection from cold (350
                  | gold, have 185).
  3298 | D:4      | 3298 ||| SHOPLISTING ring of see invisible (210 gold, have
                  | 185).
  3298 | D:4      | 3298 ||| SHOPLISTING ring of the Spinneret {AC+4 Int+6}
                  | (778 gold, have 185).
  3387 | D:4      | Noticed Natasha
  3390 | D:4      | 3390 ||| Stepping ~*~*~tactically~*~*~ (outnumbered).
  3396 | D:4      | Killed Natasha
  3397 | D:4      | Reached skill level 6 in Ranged Weapons
  3853 | D:4      | Noticed Natasha
  3863 | D:4      | Killed Natasha
  4058 | D:4      | 4058 ||| UPGRADING to +6 ring of dexterity.
  4059 | D:4      | 4059 ||| READING scroll labelled LEUCAI CIDEBYDD.
  4060 | D:4      | 4060 ||| READING scroll labelled FICVASEDIO.
  4065 | D:4      | 4065 ||| DRINKING 2 metallic coppery potions.
  4066 | D:4      | 4066 ||| DRINKING 2 sedimented coppery potions.
  4066 | D:4      | Gained mutation: Your spells are a little easier to cast,
                  | but a little less powerful. [potion of mutation]
  4066 | D:4      | Gained mutation: Your body sometimes deteriorates upon
                  | taking damage. [potion of mutation]
  4066 | D:4      | Gained mutation: You have sharp toenails. [potion of
                  | mutation]
  4067 | D:4      | 4067 ||| DRINKING 3 bubbling black potions.
  4068 | D:4      | 4068 ||| READING 2 scrolls of identify.
  4068 | D:4      | 4068 ||| IDENTIFYING fizzy grey potion
  4069 | D:4      | 4069 ||| DROPPING potion of brilliance.
  4085 | D:5      | Entered Level 5 of the Dungeon
  4085 | D:5      | Found an ornate altar of the Wu Jian Council.
  4090 | D:5      | 4090 ||| Stepping ~*~*~tactically~*~*~ (outnumbered).
  4094 | D:5      | 4094 ||| Stepping ~*~*~tactically~*~*~ (outnumbered).
  4096 | D:5      | 4096 ||| Stepping ~*~*~tactically~*~*~ (outnumbered).
  4097 | D:5      | 4097 ||| Stepping ~*~*~tactically~*~*~ (outnumbered).
  4107 | D:5      | 4107 ||| FLEEEEING.
  4108 | D:5      | 4108 ||| STAIRDANCE
  4290 | D:5      | Reached skill level 7 in Ranged Weapons
  4379 | D:5      | Found a white marble altar of Elyvilon.
  4477 | D:5      | Found a blossoming altar of Fedhas.
  4534 | D:5      | HP: 11/52 [scorpion (3)]
  4535 | D:5      | HP: 3/52 [scorpion (5)]
  4537 | D:5      | HP: 1/52 [poisoned by a scorpion]
  4538 | D:5      | Reached skill level 3 in Dodging
  4538 | D:5      | Reached XP level 7. HP: 1/59 MP: 7/7
  4538 | D:5      | 4538 ||| DRINKING 2 potions of curing.
  4538 | D:5      | 4538 ||| (to cure poison)
  4785 | D:5      | HP: 13/59 [white imp/puff of frost (5)]
  4881 | D:5      | 4881 ||| FLEEEEING.
  4882 | D:5      | 4882 ||| FLEEEEING.
  5148 | D:5      | Found a staircase to the Ecumenical Temple.
  5149 | D:5      | 5149 ||| PLANNING TEMPLE
  5149 | D:5      | 5149 ||| UPGRADING to amulet of reflection.
  5154 | D:5      | 5154 ||| UPGRADING to ring of positive energy.
  5155 | D:5      | 5155 ||| READING 2 scrolls labelled GEMOSIG EPTIU.
  5156 | D:5      | 5156 ||| READING scroll labelled BOGGOJYLIYR.
  5157 | D:5      | 5157 ||| READING 4 scrolls of identify.
  5157 | D:5      | 5157 ||| IDENTIFYING fizzy coppery potion
  5158 | D:5      | 5158 ||| READING 3 scrolls of identify.
  5158 | D:5      | 5158 ||| IDENTIFYING green potion
  5164 | Temple   | Entered the Ecumenical Temple
  5233 | Temple   | 5233 ||| PLANNING D:1-11
  5340 | D:5      | 5340 ||| READING scroll labelled CAESEZ WIQOPH.
  5398 | D:6      | Reached skill level 8 in Ranged Weapons
  5827 | D:6      | Noticed Blork the orc
  5828 | D:6      | 5828 ||| Stepping ~*~*~tactically~*~*~ (outnumbered).
  5830 | D:6      | 5830 ||| Stepping ~*~*~tactically~*~*~ (outnumbered).
  5832 | D:6      | 5832 ||| Stepping ~*~*~tactically~*~*~ (outnumbered).
  5836 | D:6      | Killed Blork the orc
  5837 | D:6      | Reached skill level 9 in Ranged Weapons
  5837 | D:6      | Reached XP level 8. HP: 56/68 MP: 8/8
  5864 | D:6      | 5864 ||| FLEEEEING.
  6141 | D:6      | Noticed Sigmund
  6148 | D:6      | Killed Sigmund
  6149 | D:6      | Reached skill level 6 in Fighting
  6205 | D:6      | Found an iron altar of Okawaru.
  6206 | D:6      | 6206 ||| PLANNING OKAWARU WORSHIP
  6206 | D:6      | 6206 ||| READING scroll labelled TOSSEW JUPUQ.
  6207 | D:6      | 6207 ||| READING scroll labelled NYUWIUSYUX.
  6207 | D:6      | Identified a scroll of acquirement
  6207 | D:6      | 6207 ||| ACQUIRING +3 longbow of freezing
  6207 | D:6      | Acquired a +3 longbow of freezing
  6209 | D:6      | 6209 ||| SWAPPING to +3 longbow of freezing.
  6210 | D:6      | 6210 ||| DROPPING +1 heavy sling.
  6211 | D:6      | 6211 ||| READING 4 scrolls of identify.
  6211 | D:6      | 6211 ||| IDENTIFYING red potion
  6308 | D:6      | Became a worshipper of Warmaster Okawaru
  6309 | D:6      | 6309 ||| PLANNING D:1-11
  6493 | D:6      | 6493 ||| READING scroll labelled JOUMUN TOZUXTE.
  6565 | D:7      | Reached skill level 10 in Ranged Weapons
  6721 | D:7      | Identified the +6 great mace "Piemunledde" {flame, Will+
                  | Stlth+}
  6721 | D:7      | Identified the +7 dire flail of Kismet {freeze, Dex+4}
  6721 | D:7      | Noticed a two-headed ogre
  6722 | D:7      | Found a transporter.
  6775 | D:7      | 6775 ||| Stepping ~*~*~tactically~*~*~ (outnumbered).
  6785 | D:7      | HP: 15/73 [killer bee (5)]
  6786 | D:7      | 6786 ||| READING scroll of teleportation.
  6787 | D:7      | 6787 ||| DRINKING potion of heal wounds.
  6793 | D:7      | 6793 ||| Stepping ~*~*~tactically~*~*~ (outnumbered).
  6795 | D:7      | HP: 18/73 [scorpion (3)]
  6797 | D:7      | Reached XP level 9. HP: 14/79 MP: 9/9
  6797 | D:7      | HP: 6/79 [phantom (4)]
  6798 | D:7      | Slain by a phantom

Levels and vault maps discovered:
D:1:      reono_arrival_mine, layout_loops_ring, serial_shops, shop
D:2:      layout_loops_ring, basic_altar, minmay_liquid_box, uniq_jessica
D:3:      layout_basic, mainiacjoe_overflow_concentric_impassable,
          nicolae_overflow_hallway_of_the_gods
D:4:      layout_layer_cave, serial_shops, shop, uniq_natasha
D:5:      layout_basic, old_standard_altar, mainiacjoe_overflow_big_doors,
          minmay_temple_entry_fiery, nicolae_sextant
D:6:      layout_loops_corners, okawaru_trees_2, uniq_sigmund,
          uniq_blork_the_orc
D:7:      layout_rooms, gammafunk_ghost_smash
Temple:   nicolae_temple_colour_theory

Skill      XL: |  1  2  3  4  5  6  7  8 |
---------------+-------------------------+-----
Ranged Weapons | 3 4 5 7 9 10 | 10.6
Fighting       | 2 4 5 7 |  7.0
Armour         | 1 2 |  2.2
Dodging        | 3 4 |  4.4
Spellcasting   | |  1.0
Hexes          | |  2.0

Action                     |  1- 3 |  4- 6 |  7- 9 || total
---------------------------+-------+-------+-------++-------
   Fire: Sling             |    90 |   240 |    95 ||   425
         Longbow           |       |       |    61 ||    61
    Use: Scroll            |       |     5 |    10 ||    15
         Potion            |       |     3 |     2 ||     5
 Armour: Robe              |     7 |       |       ||     7
         Ring mail         |     5 |    41 |    23 ||    69
  Dodge: Dodged            |    31 |    75 |    83 ||   189
  Block: Other             |       |       |    16 ||    16
         Reflection        |       |       |     2 ||     2

Table legend:
 A = Non-vault XP
 B = Vault XP
 C = Vault XP percentage of total XP
 D = Non-vault monster count
 E = Vault monster count
 F = Vault count percentage of total count
                 A         B        C        D         E       F
            +---------+---------+-------+---------+---------+-------
      Total |    2563 |     397 |  13.4 |     134 |       4 |   2.9
            +---------+---------+-------+---------+---------+-------
        D:1 |      57 |       0 |   0.0 |      23 |       0 |   0.0
        D:2 |      52 |      37 |  41.6 |      17 |       1 |   5.6
        D:3 |     185 |       0 |   0.0 |      18 |       0 |   0.0
        D:4 |     111 |      35 |  24.0 |      14 |       1 |   6.7
        D:5 |     455 |       0 |   0.0 |      20 |       0 |   0.0
        D:6 |     846 |     325 |  27.8 |      22 |       2 |   8.3
        D:7 |     857 |       0 |   0.0 |      20 |       0 |   0.0
            +---------+---------+-------+---------+---------+-------
